 Dungeon Crawl Stone Soup version 0.18.1-47-g9310371 (webtiles) character file.

169 juanjsm the Sneak (level 5, -3/24 HPs)
             Began as a Spriggan Enchanter on June 22, 2016.
             Slain by a slave (5 damage)
             ... led by Pikel
             ... on level 4 of the Dungeon.
             The game lasted 00:07:21 (2202 turns).

juanjsm the Sneak (Spriggan Enchanter)              Turns: 2202, Time: 00:07:21

Health: -3/24      AC:  3    Str:  4    XL:     5   Next: 25%
Magic:  6/20       EV: 19    Int: 17    God:
Gold:   124        SH:  0    Dex: 17    Spells: 3 memorised, 5 levels left

rFire  . . .     SeeInvis +     a - +1 dagger
rCold  . . .     Gourm    .     b - +1 robe
rNeg   . . .     Faith    .     (shield restricted)
rPois  .         Spirit   .     (helmet restricted)
rElec  .         Dismiss  .     (no cloak)
rCorr  .         Reflect  .     (gloves unavailable)
SustAt +         Harm     .     (boots unavailable)
MR     .....                    (no amulet)
Stlth  ++++......               o - ring of magical power
                                m - ring of sustain attributes

@: very slightly contaminated, very quick, not resistant to hostile
enchantments, stealthy
A: unfitting armour, see invisible, herbivore 3, speed 3, slow metabolism 2
a: no special abilities


You were on level 4 of the Dungeon.
You were near starving.

You visited 1 branch of the dungeon, and saw 4 of its levels.

You collected 124 gold pieces.

Inventory:

Hand Weapons
 a - a +1 dagger (weapon)
Armour
 b - a +1 robe (worn)
Jewellery
 m - a ring of sustain attributes (left hand)
 o - a ring of magical power (right hand)
Wands
 u - a wand of flame (35/48)
Scrolls
 f - a scroll of fog {unknown}
 h - a scroll of noise {unknown}
 i - 9 scrolls of identify {unknown}
 k - 3 scrolls of amnesia {unknown}
 l - a scroll of recharging {unknown}
 n - a scroll of enchant weapon {unknown}
 p - 3 scrolls of teleportation {unknown}
 r - a scroll of immolation {unknown}
 v - 2 scrolls of remove curse {unknown}
Potions
 e - 3 potions of might {unknown}
 j - a potion of agility {unknown}
 s - a potion of degeneration {unknown}
 t - 2 potions of curing {unknown}
Books
 c - a book of Maledictions

   Spells                             Type                      Level
   a - Corona                         Hexes                        1
   b - Ensorcelled Hibernation        Hexes/Ice                    2
   c - Confuse                        Hexes                        3
   d - Tukima's Dance                 Hexes                        3
   e - Dazzling Spray                 Conjuration/Hexes            3
Comestibles
 d - 3 bread rations
 g - 4 fruits
 q - a slice of pizza


   Skills:
 + Level 0.1 Fighting
 * Level 2.0 Short Blades
 + Level 3.5 Dodging
 + Level 6.4 Stealth
 + Level 3.5 Spellcasting
 + Level 4.7 Hexes
 + Level 1.0 Ice Magic


You had 5 spell levels left.
You knew the following spells:

 Your Spells              Type           Power        Failure   Level  Hunger
a - Corona                Hex            ###....      2%          1    None
b - Ensorcelled Hibernat  Hex/Ice        ##....       10%         2    ##.....
c - Confuse               Hex            ###.....     10%         3    ###....


Dungeon Overview and Level Annotations

Branches:
Dungeon (4/15)
 Temple: D:4-7

Altars:
Ashenzari
Gozag

Annotations:
D:4 Pikel


Innate Abilities, Weirdness & Mutations

You are tiny and cannot use many weapons and most armour.
You have supernaturally acute eyesight.
You are a herbivore.
You cover ground extremely quickly.
You need consume almost no food.


Message History

Press: ? - help, Shift-Dir - straight line, f/p - Pikel
Aim: Pikel, wielding a whip of flaming and wearing a robe (chance to defeat MR: 43%) Pikel looks drowsy...
The slave misses you. The slave barely misses you.
The slave closely misses you.
The helpless Pikel fails to defend himself.
You impale Pikel!!
Pikel is severely wounded.
The slave hits you.
* * * LOW HITPOINT WARNING * * *
The slave closely misses you. Pikel misses you. The slave misses you.
An orc comes into view.
Casting: Ensorcelled Hibernation
Confirm with . or Enter, or press ? or * to list all spells.
Aiming: Confuse
Press: ? - help, Shift-Dir - straight line, f/p - Pikel
Aim: Pikel, wielding a whip of flaming and wearing a robe (severely wounded, chance to defeat MR: 50%) Pikel resists with some effort.
The orc shouts!
The slave closely misses you. x2; Pikel closely misses you.
The slave hits you.
You die...

h.. ... #..
# ...
#...##. ..
. #...#...o
..#...#.#.
.......Z.
#...pp###
#..pK@..#
#...p##...#
#...# ...#
#..# ...#
.... ...
..>. ## ..#
..# .#
.##..


You could see Pikel, 4 slaves, a howler monkey, an orc and a giant frog
skeleton.

Vanquished Creatures
  An orc wizard (D:3)
  A worker ant (D:4)
  2 adders
  An ooze (D:3)
  3 worms
  A dart slug (D:1)
  4 giant geckos
  10 orcs (D:3)
  5 giant cockroaches
  12 goblins
  3 hobgoblins
  5 jackals
  5 bats
  4 giant newts
  7 kobolds
  9 rats
73 creatures vanquished.

Notes
Turn   | Place    | Note
--------------------------------------------------------------
     0 | D:1      | juanjsm the Spriggan Enchanter began the quest for the Orb.
     0 | D:1      | Reached XP level 1. HP: 9/9 MP: 5/5
   188 | D:1      | Reached XP level 2. HP: 13/13 MP: 4/6
   192 | D:1      | Learned a level 2 spell: Ensorcelled Hibernation
   836 | D:2      | Reached skill level 5 in Stealth
   836 | D:2      | Reached XP level 3. HP: 16/16 MP: 8/8
   841 | D:2      | Learned a level 3 spell: Confuse
   846 | D:2      | Found a shattered altar of Ashenzari.
   907 | D:2      | Found an opulent altar of Gozag.
  1519 | D:3      | Reached XP level 4. HP: 21/21 MP: 9/9
  1676 | D:3      | Reached skill level 6 in Stealth
  1874 | D:3      | Reached XP level 5. HP: 24/24 MP: 10/11
  2011 | D:3      | Reached skill level 1 in Ice Magic
  2196 | D:4      | Noticed Pikel
  2196 | D:4      | Noticed a slave
  2196 | D:4      | Noticed a slave
  2196 | D:4      | Noticed a slave
  2196 | D:4      | Noticed a slave
  2202 | D:4      | Slain by a slave

Skill      XL: |  1  2  3  4  5 |
---------------+----------------+-----
Hexes          | 4 |  4.7
Stealth        | 5 6 |  6.4
Spellcasting   | 3 |  3.5
Short Blades   | 2 |  2.0
Ice Magic      | 1 |  1.0
Fighting       | |  0.1
Dodging        | |  3.5

Action                   |  1- 3 |  4- 6 || total
-------------------------+-------+-------++-------
Melee: Dagger            |    72 |    62 ||   134
 Cast: Corona            |     4 |       ||     4
       Ensorcelled Hiber |    18 |    35 ||    53
       Confuse           |       |     1 ||     1
 Stab: Sleeping          |    34 |    29 ||    63
Armor: Robe              |     2 |     6 ||     8
Dodge: Dodged            |    41 |    73 ||   114
